[Event "Titled Tuesday Blitz May 16 Late 2023"]
[White "Bortnyk, Olexandr"]
[Black "Makarian, Rudik"]
[WhiteFideId "14120828"]
[BlackFideId "44105681"]
[WhiteElo "2734"]
[BlackElo "2461"]
[Result "1-0"]
[Round "07"]
[TimeControl "180+2"]
[Date "2023.05.16"]
[WhiteClock "0:00:51"]
[BlackClock "0:00:00"]

1. d4 Nf6 2. Nc3 d5 3. Bf4 c5 4. e4 Nxe4 5. Nxe4 dxe4 6. dxc5 Nd7 7. b4 e5 8. Bd2 a5 9. a3 Be7 10. Bc4 O-O 11. Ne2 Kh8 12. Bc3 Qc7 13. Ng3 axb4 14. axb4 Rxa1 15. Qxa1 b6 16. Nxe4 Bb7 17. f3 Ra8 18. Qd1 bxc5 19. b5 f6 20. O-O Nb6 21. Be6 c4 22. Kh1 Na4 23. Bd2 Rd8 24. Qe1 Nc5 25. Ba5 Qb8 26. Bxd8 Qxd8 27. Nxc5 Bxc5 28. Bxc4 Qd4 29. Bd3 g6 30. Qa1 Qd6 31. Rd1 Kg7 32. Be4 1-0


[Site "https://www.chess.com"]

[Event "Titled Tuesday Blitz May 16 Late 2023"]
[White "Xiong, Jeffery"]
[Black "Caruana, Fabiano"]
[WhiteFideId "2047640"]
[BlackFideId "2020009"]
[WhiteElo "2726"]
[BlackElo "2837"]
[Result "1/2-1/2"]
[Round "07"]
[TimeControl "180+2"]
[Date "2023.05.16"]
[WhiteClock "0:01:24"]
[BlackClock "0:00:50"]

1. e4 e5 2. Nf3 Nc6 3. Nc3 Nf6 4. d4 exd4 5. Nxd4 Bb4 6. Nxc6 bxc6 7. Bd3 d5 8. exd5 O-O 9. O-O cxd5 10. h3 c5 11. a3 Bxc3 12. bxc3 Be6 13. Qf3 h6 14. Rd1 Re8 15. Bf4 Qe7 16. Rab1 c4 17. Bf1 Ne4 18. Bxc4 Nxf2 19. Bxd5 Nxd1 20. Bxa8 Qc5+ 21. Kh2 Nxc3 22. Re1 Rd8 23. Re3 Nb5 24. Be4 Nd4 25. Qg3 Nf5 26. Bxf5 Bxf5 27. Bxh6 Bg6 28. Rc3 Qf5 29. Be3 a6 30. Qf4 Qxf4+ 31. Bxf4 Re8 32. Kg3 Re2 33. Kf3 Rxc2 34. Rxc2 Bxc2 1/2-1/2


[Site "https://www.chess.com"]

[Event "Titled Tuesday Blitz May 16 Late 2023"]
[White "Deac, Bogdan-Daniel"]
[Black "Durarbayli, Vasif"]
[WhiteFideId "1226380"]
[BlackFideId "13402935"]
[WhiteElo "2649"]
[BlackElo "2551"]
[Result "1/2-1/2"]
[Round "07"]
[TimeControl "180+2"]
[Date "2023.05.16"]
[WhiteClock "0:00:07"]
[BlackClock "0:00:25"]

1. e4 e5 2. Nf3 Nc6 3. Bb5 a6 4. Bxc6 dxc6 5. Nc3 Bg4 6. h3 Bxf3 7. Qxf3 Qf6 8. Qxf6 Nxf6 9. d3 Bd6 10. Nd1 Nd7 11. Ne3 Nc5 12. a4 a5 13. Nc4 Ne6 14. Bd2 b6 15. g3 f6 16. h4 Nd4 17. Kd1 c5 18. f4 exf4 19. gxf4 O-O-O 20. Be3 g6 21. Kd2 Ne6 22. Raf1 f5 23. h5 fxe4 24. hxg6 hxg6 25. Rxh8 Rxh8 26. dxe4 Rh2+ 27. Kd3 Kd7 28. f5 gxf5 29. exf5 Nd8 30. Rg1 Rh7 31. Rg6 Nf7 32. c3 Rh5 33. Rf6 Ke7 34. Re6+ Kd7 35. Rf6 Ke7 36. Re6+ Kd7 37. Rf6 1/2-1/2


[Site "https://www.chess.com"]

[Event "Titled Tuesday Blitz May 16 Late 2023"]
[White "Matinian, Nikita"]
[Black "Bluebaum, Matthias"]
[WhiteFideId "24129100"]
[BlackFideId "24651516"]
[WhiteElo "2422"]
[BlackElo "2639"]
[Result "0-1"]
[Round "07"]
[TimeControl "180+2"]
[Date "2023.05.16"]
[WhiteClock "0:00:01"]
[BlackClock "0:00:07"]

1. e4 e6 2. Qe2 Be7 3. b3 d5 4. exd5 exd5 5. Bb2 Kf8 6. Nf3 Bf6 7. Nc3 g6 8. O-O-O Kg7 9. h4 h5 10. Ng5 Nh6 11. f3 Nf5 12. Qf2 Bd4 13. Nb5 Bxb2+ 14. Kxb2 c6 15. Nc3 Qb6 16. d4 Nh6 17. Bd3 a5 18. g4 hxg4 19. h5 a4 20. hxg6 a3+ 21. Kc1 Qb4 22. fxg4 f6 23. Nf7 Nxg4 24. Rxh8 Nxf2 25. Rh7+ Kf8 26. Nh6 Be6 27. g7+ Ke8 28. Bg6+ Kd8 29. Nf7+ Bxf7 30. Bxf7 Nd7 31. g8=Q+ Kc7 32. Qxa8 Qxc3 33. Qxa3 Qa1+ 34. Kd2 Qxd1+ 35. Ke3 Qe1+ 36. Kf3 Ne4 37. Be6 Qf2+ 38. Kg4 Qg3+ 39. Kf5 Qg5# 0-1


[Site "https://www.chess.com"]

[Event "Titled Tuesday Blitz May 16 Late 2023"]
[White "Andreikin, Dmitry"]
[Black "Sieciechowicz, Marcin"]
[WhiteFideId "4158814"]
[BlackFideId "1130170"]
[WhiteElo "2736"]
[BlackElo "2302"]
[Result "1-0"]
[Round "07"]
[TimeControl "180+2"]
[Date "2023.05.16"]
[WhiteClock "0:01:15"]
[BlackClock "0:00:58"]

1. Nf3 Nf6 2. c4 c6 3. Nc3 d5 4. e3 e6 5. b3 Nbd7 6. Bb2 Bd6 7. g3 Qe7 8. Bg2 O-O 9. O-O b6 10. cxd5 exd5 11. Nd4 Ne5 12. Qc2 Bb7 13. Nf5 Qd7 14. Bh3 Kh8 15. f4 Neg4 16. Ne2 Ba6 17. Bxg4 Nxg4 18. Bxg7+ Kg8 19. Bxf8 Rxf8 20. Rfe1 Nf6 21. Ned4 Bb7 22. Nxd6 Qxd6 23. Qf5 Ne4 24. d3 Nc5 25. b4 Na4 26. Qg5+ Kh8 27. Nf5 Qg6 28. Qe7 Rg8 29. Nh4 Qh5 30. Qf6+ Rg7 31. Nf5 Qg6 32. Qxg7+ Qxg7 33. Nxg7 Kxg7 34. Rac1 Kf6 35. e4 Nb2 36. exd5 cxd5 37. Rc7 Ba6 38. b5 Bxb5 39. Rb1 1-0


[Site "https://www.chess.com"]

[Event "Titled Tuesday Blitz May 16 Late 2023"]
[White "Sarana, Alexey"]
[Black "Quispe Arteaga, Gabriel"]
[WhiteFideId "24133795"]
[BlackFideId "32059809"]
[WhiteElo "2714"]
[BlackElo "2274"]
[Result "1-0"]
[Round "07"]
[TimeControl "180+2"]
[Date "2023.05.16"]
[WhiteClock "0:01:54"]
[BlackClock "0:00:00"]

1. c4 Nf6 2. d4 e6 3. Nc3 Bb4 4. e3 O-O 5. Bd3 d5 6. a3 Bxc3+ 7. bxc3 b6 8. cxd5 exd5 9. Ne2 Ba6 10. f3 Qc8 11. e4 Bxd3 12. Qxd3 Qa6 13. Qe3 dxe4 14. fxe4 Nc6 15. O-O Rae8 16. Rxf6 gxf6 17. Ng3 Kh8 18. Qh6 Qd3 19. Qxf6+ Kg8 20. Bh6 1-0


[Site "https://www.chess.com"]

[Event "Titled Tuesday Blitz May 16 Late 2023"]
[White "Hakobyan, Aram"]
[Black "Remizov, Yaroslav"]
[WhiteFideId "13306677"]
[BlackFideId "34134015"]
[WhiteElo "2584"]
[BlackElo "2400"]
[Result "1-0"]
[Round "07"]
[TimeControl "180+2"]
[Date "2023.05.16"]
[WhiteClock "0:01:35"]
[BlackClock "0:00:00"]

1. d4 Nf6 2. c4 e6 3. Nc3 Bb4 4. e3 O-O 5. a3 Bxc3+ 6. bxc3 c5 7. Ne2 Nc6 8. Ng3 b6 9. e4 Ba6 10. Bg5 h6 11. h4 d6 12. Ra2 Rc8 13. Rd2 Qe7 14. e5 dxe5 15. d5 Na5 16. Ne4 exd5 17. Nxf6+ gxf6 18. Bxh6 f5 19. Rh3 Qf6 20. Rg3+ Kh7 21. Bxf8 Rxf8 22. Qh5+ Qh6 23. Qxf5+ Kh8 24. Rg5 Bc8 25. Qf3 e4 26. Qd1 1-0


[Site "https://www.chess.com"]

[Event "Titled Tuesday Blitz May 16 Late 2023"]
[White "Smirnov, Pavel"]
[Black "Ibarra Jerez, Jose Carlos"]
[WhiteFideId "4123425"]
[BlackFideId "2226332"]
[WhiteElo "2520"]
[BlackElo "2638"]
[Result "0-1"]
[Round "07"]
[TimeControl "180+2"]
[Date "2023.05.16"]
[WhiteClock "0:00:01"]
[BlackClock "0:00:03"]

1. d4 Nf6 2. c4 d6 3. Nf3 g6 4. g3 Bf5 5. Bg2 Bg7 6. O-O O-O 7. Nfd2 Nc6 8. e4 Bg4 9. f3 Bd7 10. Nb3 e5 11. d5 Nb8 12. c5 a5 13. Be3 a4 14. N3d2 dxc5 15. Bxc5 Re8 16. Nc3 Na6 17. Be3 a3 18. b3 Nb4 19. Kh1 c6 20. Nc4 cxd5 21. exd5 Bf5 22. d6 Ra6 23. Nb5 Nc2 24. Rc1 Nxe3 25. Nxe3 Be6 26. Qe2 Bh6 27. Nc7 Rxd6 28. Nxe8 Qxe8 29. Rfd1 Rd4 30. Nc2 Rd5 31. Rxd5 Nxd5 32. Re1 Nc3 33. Qxe5 Nxa2 34. Nxa3 Bg7 35. Qc7 Qf8 36. Nc4 Qb4 37. Rxe6 fxe6 38. Qc8+ Kf7 39. Qd7+ Kf8 40. h4 Qe7 41. Qc8+ Kf7 42. Bh3 Bf6 43. Nd2 Nc3 44. Nc4 Kg7 45. Kg2 Ne2 46. h5 gxh5 47. Bxe6 Nd4 48. Qg8+ Kh6 49. Ne3 Qxe6 50. Qf8+ Bg7 51. Qf4+ Kg6 52. g4 Bh6 53. gxh5+ Kg7 54. Qg3+ Kh8 55. Qb8+ Qg8+ 56. Qxg8+ Kxg8 57. Nc4 Nxb3 58. Nd6 b6 59. Nc4 b5 60. Na3 Nd4 61. Nc2 Nxc2 0-1


[Site "https://www.chess.com"]

[Event "Titled Tuesday Blitz May 16 Late 2023"]
[White "Pap, Gyula"]
[Black "Schmakel, Sam"]
[WhiteFideId "725323"]
[BlackFideId "2039311"]
[WhiteElo "2519"]
[BlackElo "2356"]
[Result "0-1"]
[Round "07"]
[TimeControl "180+2"]
[Date "2023.05.16"]
[WhiteClock "0:00:04"]
[BlackClock "0:00:08"]

1. Nf3 d5 2. e3 c5 3. Bb5+ Bd7 4. Qe2 g6 5. Ne5 Bg7 6. Nxd7 Nxd7 7. c4 a6 8. Bxd7+ Qxd7 9. O-O dxc4 10. Qxc4 Rc8 11. Nc3 Nf6 12. a4 O-O 13. a5 Rfd8 14. Na4 Qb5 15. Nb6 Rc6 16. b3 Nd7 17. Qxb5 axb5 18. Ra2 Nxb6 19. axb6 Rxb6 20. Rc2 Rc6 21. Bb2 Bxb2 22. Rxb2 Rcd6 23. Rd1 Rd3 24. Kf1 e5 25. Ke2 R3d6 26. Ra1 b6 27. Ra7 b4 28. Re7 f6 29. Ra7 R8d7 30. Rxd7 Rxd7 31. Ra2 Kf7 32. Ra6 Rb7 33. Kd3 h5 34. h4 Rd7+ 35. Kc2 Rd6 36. Ra7+ Ke6 37. f3 Kf5 38. Rh7 e4 39. Rh8 Rd7 40. Rb8 exf3 41. gxf3 g5 42. Rh8 Kg6 43. Rg8+ Rg7 44. Ra8 gxh4 45. Ra1 h3 46. Rh1 h4 47. Rxh3 Kh5 48. Kd3 Rg3 49. Rh1 h3 50. Ke4 Kh4 51. d4 Rg2 52. d5 Rd2 53. Rg1 h2 54. Rg8 Kh3 55. Rh8+ Kg2 56. Rg8+ Kf1 57. Rh8 Kg1 58. Kf5 Rxd5+ 59. Kxf6 h1=Q 60. Rxh1+ Kxh1 61. e4 Rd3 62. f4 c4 63. e5 cxb3 0-1


[Site "https://www.chess.com"]

[Event "Titled Tuesday Blitz May 16 Late 2023"]
[White "Antipov, Mikhail Al."]
[Black "Djokic, Mihailo"]
[WhiteFideId "4107012"]
[BlackFideId "976440"]
[WhiteElo "2513"]
[BlackElo "2294"]
[Result "1-0"]
[Round "07"]
[TimeControl "180+2"]
[Date "2023.05.16"]
[WhiteClock "0:00:58"]
[BlackClock "0:01:08"]

1. e4 c5 2. Nf3 d6 3. d4 cxd4 4. Nxd4 Nf6 5. Nc3 g6 6. Be3 Bg7 7. f3 O-O 8. Qd2 Nc6 9. Bc4 Bd7 10. O-O-O Rc8 11. Be2 Ne5 12. Kb1 Nc4 13. Bxc4 Rxc4 14. g4 b5 15. h4 h5 16. gxh5 b4 17. Nd5 Nxh5 18. b3 Rc8 19. Rdg1 a5 20. Bh6 e6 21. Bxg7 Kxg7 22. Nf4 Nxf4 23. Qxf4 e5 24. Nf5+ Bxf5 25. Qxf5 Qf6 26. h5 Qxf5 27. exf5 g5 28. Rxg5+ Kf6 29. Rg4 Rc3 30. h6 Rxf3 31. h7 Kxf5 32. Rg8 1-0


[Site "https://www.chess.com"]

[Event "Titled Tuesday Blitz May 16 Late 2023"]
[White "Alex_Sahakyan2006"]
[Black "Babazada, Khazar"]
[BlackFideId "13413554"]
[WhiteElo "2704"]
[BlackElo "2351"]
[Result "1-0"]
[Round "07"]
[TimeControl "180+2"]
[Date "2023.05.16"]
[WhiteClock "0:00:05"]
[BlackClock "0:00:02"]

1. d4 Nf6 2. Nf3 e6 3. Bf4 c5 4. e3 b6 5. Nc3 Bb7 6. Nb5 Na6 7. Nd6+ Bxd6 8. Bxd6 Ne4 9. Bf4 O-O 10. c3 d6 11. Bd3 Qe7 12. O-O Nc7 13. Bxe4 Bxe4 14. dxc5 dxc5 15. Bd6 Qd8 16. Bxf8 Qxf8 17. Qe2 Qe7 18. Rfd1 e5 19. Ne1 Bc6 20. e4 Ne6 21. Qe3 Ng5 22. f3 Ne6 23. Rd2 h5 24. Rad1 h4 25. g3 h3 26. Nd3 Ng5 27. Nf2 Rc8 28. Rd6 Ne6 29. Nxh3 Nd4 30. R6xd4 cxd4 31. cxd4 exd4 32. Qxd4 Qe6 33. Nf4 Qxa2 34. Nh5 f6 35. Nf4 Ba4 36. Rd2 Bb3 37. Qd7 Rc1+ 38. Kg2 Bf7 39. Qh3 Kf8 40. Rd8+ Be8 41. Qh8+ Ke7 42. Qxe8# 1-0


[Site "https://www.chess.com"]

[Event "Titled Tuesday Blitz May 16 Late 2023"]
[White "Volkov, Maksim"]
[Black "Iturrizaga Bonelli, Eduardo"]
[WhiteFideId "54123070"]
[BlackFideId "3901211"]
[WhiteElo "2297"]
[BlackElo "2637"]
[Result "0-1"]
[Round "07"]
[TimeControl "180+2"]
[Date "2023.05.16"]
[WhiteClock "0:00:03"]
[BlackClock "0:00:07"]

1. d4 Nf6 2. c4 e6 3. g3 Bb4+ 4. Bd2 a5 5. Bg2 O-O 6. Nf3 d5 7. Qc2 Be7 8. O-O c6 9. Bf4 Nbd7 10. Rd1 h6 11. h4 a4 12. a3 b5 13. cxb5 cxb5 14. Ne5 Bb7 15. Nc6 Bxc6 16. Qxc6 Qb6 17. Qc2 Rfc8 18. Nc3 Bd6 19. Bxd6 Qxd6 20. Qd2 Rab8 21. Na2 Nb6 22. Qb4 Qd7 23. Rac1 Rc4 24. Qd2 Rbc8 25. e3 Ne4 26. Qe1 Rc2 27. Bxe4 dxe4 28. Rxc2 Rxc2 29. Rd2 Rc4 30. Nc3 f5 31. Qd1 b4 32. axb4 Rxb4 33. d5 e5 34. d6 Nc4 35. Rd5 Nxb2 36. Qa1 Nd3 37. Qa2 Kh7 38. Qa3 Rc4 39. Nb5 Rc1+ 40. Kg2 Rc2 41. Rxd3 exd3 42. Qxd3 Qc6+ 43. Kh3 Qh1# 0-1


[Site "https://www.chess.com"]

[Event "Titled Tuesday Blitz May 16 Late 2023"]
[White "Krzyzanowski, Marcin"]
[Black "Mihajlov, Sebastian"]
[WhiteFideId "1132199"]
[BlackFideId "1512110"]
[WhiteElo "2471"]
[BlackElo "2478"]
[Result "0-1"]
[Round "07"]
[TimeControl "180+2"]
[Date "2023.05.16"]
[WhiteClock "0:00:00"]
[BlackClock "0:00:08"]

1. Nf3 Nf6 2. c4 g6 3. d4 Bg7 4. Nc3 d6 5. g3 O-O 6. Bg2 Nc6 7. O-O Bf5 8. Nh4 Bd7 9. Nf3 Bf5 10. Nh4 Bd7 11. e4 e5 12. d5 Nd4 13. h3 c5 14. dxc6 bxc6 15. Kh2 Be6 16. b3 d5 17. cxd5 cxd5 18. exd5 Nxd5 19. Bb2 Nxc3 20. Bxc3 Rc8 21. Bb4 Re8 22. Rc1 Qb6 23. Qd2 Rcd8 24. Ba5 Nxb3 25. Qxd8 Qxd8 26. Bxd8 Nxc1 27. Rxc1 Rxd8 28. Rc7 Bxa2 29. Rxa7 Be6 30. Nf3 h6 31. Ra4 f5 32. Ra6 Bf7 33. Nh4 Kh7 34. Ra7 Rf8 35. g4 Bf6 36. Bd5 Bxh4 37. Bxf7 Bxf2 38. Rb7 e4 39. Kg2 Bh4 40. gxf5 gxf5 41. Bh5+ Kh8 42. Bg6 Bg5 43. Rb5 e3 44. Kf3 f4 45. Rb7 Rc8 46. h4 Bxh4 47. Rh7+ Kg8 48. Rxh6 Bg3 49. Be4 Rc1 50. Rg6+ Kf8 51. Ra6 Rf1+ 52. Ke2 Rf2+ 53. Kd3 Rd2+ 54. Kc3 e2 55. Ra1 e1=Q 56. Rxe1 Bxe1 57. Kc4 Re2 58. Bd3 Re3 59. Kd4 Ke7 60. Bc4 Bg3 61. Bd5 Kf6 62. Be4 Kg5 63. Ke5 f3+ 64. Kd4 Kf4 0-1


[Site "https://www.chess.com"]

[Event "Titled Tuesday Blitz May 16 Late 2023"]
[White "Riehle, Marco"]
[Black "Martinez Alcantara, Jose Eduardo"]
[WhiteFideId "12904392"]
[BlackFideId "3805662"]
[WhiteElo "2462"]
[BlackElo "2711"]
[Result "1/2-1/2"]
[Round "07"]
[TimeControl "180+2"]
[Date "2023.05.16"]
[WhiteClock "0:00:08"]
[BlackClock "0:00:17"]

1. e4 c5 2. a3 e6 3. b4 d5 4. exd5 exd5 5. Nf3 Nc6 6. c3 Nf6 7. d4 cxd4 8. Nxd4 Bd6 9. Nxc6 bxc6 10. Bd3 O-O 11. O-O Ng4 12. h3 Qh4 13. Bc2 Ne5 14. Qd4 Qxd4 15. cxd4 Nc4 16. Nd2 a5 17. Nxc4 dxc4 18. Bd2 axb4 19. Bxb4 Bxb4 20. axb4 Rb8 21. Rab1 g6 22. Be4 Rd8 23. Bxc6 Bf5 24. Rbc1 Rxb4 25. d5 Bd3 26. Rfe1 Kf8 27. Kh2 Rb3 28. Re3 Rb2 29. Kg3 h6 30. Rce1 Kg7 31. Rf3 Kf8 32. Rfe3 Kg7 33. Rf3 Kf8 34. Ra1 Be4 35. Rf4 Bxd5 36. Rd1 Rb3+ 37. f3 g5 38. Rf5 Bxc6 39. Rxd8+ Ke7 40. Rd4 Bd7 41. Re5+ Kf6 42. Rc5 Be6 43. Rd6 Kg7 44. Rc7 Kg8 45. h4 Rb2 46. hxg5 hxg5 47. Rc5 g4 48. fxg4 Kf8 49. Rc7 Re2 50. g5 Re5 51. Kh4 Re4+ 52. Kh5 Kg7 53. g6 Re5+ 54. Kh4 Kxg6 55. Rxc4 Kf6 56. Ra4 Ke7 57. Rb6 Re1 58. Kg3 Kf6 59. Rf4+ Ke7 60. Rf2 Re3+ 61. Rf3 Re5 62. Rb7+ Kf8 63. Ra7 Kg7 64. Kf2 Rc5 65. Rg3+ Kf6 66. Rf3+ Kg7 67. Re3 Kf6 68. g3 Rc2+ 69. Kf3 Bd5+ 70. Kg4 Rc4+ 71. Kh3 Be6+ 72. Kg2 Rc2+ 73. Kg1 Bd5 74. Kf1 Rb2 75. Rc7 Be6 76. Re2 Rb3 77. Kf2 Bd5 78. Re3 Rb2+ 79. Re2 Rb3 80. Re3 Rb2+ 81. Ke1 Be6 82. Rc1 Ra2 83. Rd1 Rh2 84. Rd2 Rh1+ 85. Ke2 Ra1 86. Kf3 Ra4 87. Kf2 Ra1 88. Rf3+ Ke7 89. Re3 Ra4 90. Rf3 Ra1 91. Rf4 Ra3 92. g4 Ra5 93. Re2 Rg5 94. Kg3 Ra5 95. Kh4 Ra1 96. Rh2 Ra5 97. g5 Ra8 98. Kg3 Ra5 99. Kh4 Ra8 100. Kg3 Ra5 101. Rh5 Ra3+ 102. Rf3 Ra4 103. Kf2 Bg4 104. Re3+ Be6 105. g6 fxg6 106. Rb5 Ra6 107. Kg3 Kf6 108. Rb4 Bf5 109. Rf4 Kg5 110. Rb4 Ra1 111. Kf2 Ra2+ 112. Re2 Ra8 113. Re3 Rh8 114. Rg3+ Kf6 115. Rb6+ Ke5 116. Re3+ Kf4 117. Rb4+ Kg5 118. Rg3+ Kf6 119. Rb6+ Kf7 120. Rb7+ Kf6 121. Rb6+ 1/2-1/2


[Site "https://www.chess.com"]

[Event "Titled Tuesday Blitz May 16 Late 2023"]
[White "Zhigalko, Sergei"]
[Black "Milikow, Yoav"]
[WhiteFideId "13502956"]
[BlackFideId "2822237"]
[WhiteElo "2626"]
[BlackElo "2410"]
[Result "1-0"]
[Round "07"]
[TimeControl "180+2"]
[Date "2023.05.16"]
[WhiteClock "0:00:02"]
[BlackClock "0:00:03"]

1. e4 e5 2. Nf3 Nc6 3. Bc4 Nf6 4. d3 Bc5 5. O-O d6 6. c3 a5 7. Nbd2 O-O 8. h3 Be6 9. Bb5 Qb8 10. Bxc6 bxc6 11. d4 exd4 12. cxd4 Bb6 13. Qc2 Bd7 14. b3 h6 15. Bb2 Re8 16. Rfe1 Qc8 17. Nc4 Rxe4 18. Rxe4 Bf5 19. Nfd2 d5 20. f3 dxe4 21. fxe4 Bh7 22. Nxb6 cxb6 23. Re1 a4 24. Qc3 Qe6 25. Qg3 Bg6 26. d5 cxd5 27. exd5 Qxd5 28. Nc4 b5 29. Ne3 Qd2 30. Bxf6 gxf6 31. Ng4 Kg7 32. Kh2 axb3 33. axb3 Ra2 34. Ne3 Kh7 35. Rf1 Qd4 36. Ng4 f5 37. Rf4 Qg7 38. Ne3 Ra6 39. Nxf5 Bxf5 40. Rxf5 Rg6 41. Qf3 Kg8 42. Rxb5 Qd4 43. Rf5 Qd6+ 44. Qf4 Qc6 45. Qf3 Qd6+ 46. Kh1 Qe6 47. Rf4 Qe1+ 48. Kh2 Qe5 49. Qf2 Kh7 50. h4 Kg8 51. g3 f6 52. Rf5 Qd6 53. Rf3 Qe5 54. Qe3 Qd5 55. Qd3 Qf7 56. Qf5 Kg7 57. Kh3 Qe7 58. Qf4 Qe1 59. Rf2 Qe6+ 60. Kh2 Qxb3 61. Rd2 Qf7 62. Rc2 Kh7 63. Rc7 1-0


[Site "https://www.chess.com"]

[Event "Titled Tuesday Blitz May 16 Late 2023"]
[White "Klukin, Kirill"]
[Black "Rustemov, Alexander"]
[WhiteFideId "24199273"]
[BlackFideId "4119002"]
[WhiteElo "2344"]
[BlackElo "2974"]
[Result "0-1"]
[Round "07"]
[TimeControl "180+2"]
[Date "2023.05.16"]
[WhiteClock "0:00:10"]
[BlackClock "0:00:07"]

1. c4 c5 2. Nc3 g6 3. g3 Bg7 4. Bg2 Nc6 5. a3 b6 6. Rb1 Bxc3 7. bxc3 Bb7 8. d3 d6 9. h4 h5 10. e4 Nf6 11. Bg5 Nd7 12. Ne2 Qc7 13. Qd2 f6 14. Be3 O-O-O 15. Nf4 Rdg8 16. Ne6 Qb8 17. Bh3 Na5 18. O-O Bc6 19. Qe2 Kb7 20. d4 Ka8 21. dxc5 Nxc5 22. Nxc5 dxc5 23. Bxc5 Qe5 24. Bb4 Qxe4 25. Qxe4 Bxe4 26. Bxa5 Bxb1 27. Bg2+ Kb8 28. Rxb1 Kc7 29. Bb4 e5 30. c5 Rd8 31. a4 Rb8 32. cxb6+ axb6 33. a5 bxa5 34. Bxa5+ Kd7 35. Rd1+ Ke6 36. c4 Rhc8 37. Bd5+ Kf5 38. Bd2 Rb2 39. Be3 Rc2 40. Ra1 R8xc4 41. Bxc4 Rxc4 42. Ra6 Rc7 43. Kg2 Rf7 44. Ra5 Rf8 45. Bc1 Rf7 46. Bb2 Re7 47. f4 Rb7 48. Ba1 Re7 49. fxe5 fxe5 50. Kf3 Re6 51. Bc3 Re7 52. Bd2 Rd7 53. Bf4 Re7 54. Ke3 Re6 55. Kf3 Re7 56. Be3 Re6 57. Ra8 Rf6 58. Bg5 Rf7 59. Re8 Ra7 60. Rf8+ Ke6 61. Rf6+ Kd5 62. Rxg6 Ra3+ 63. Kg2 Ke4 64. Rg8 Ra2+ 65. Kh3 Ra1 66. Rh8 Kf3 67. Rf8+ Ke4 68. Kg2 Ra2+ 69. Rf2 Ra3 70. Re2+ Kf5 71. Bc1 Rb3 72. Bb2 Rb5 73. Bc3 Rc5 74. Bd2 Rb5 75. Be3 Kg4 76. Bf2 Kf5 77. Rc2 Rb3 78. Kh3 Rb1 79. Rc5 Rh1+ 80. Kg2 Rd1 81. Kf3 Rd3+ 82. Be3 Ra3 83. Ra5 Rxa5 84. Kg2 Ra2+ 85. Kf3 Ra3 86. Ke2 Kg4 87. Bg5 Rxg3 0-1


[Site "https://www.chess.com"]

[Event "Titled Tuesday Blitz May 16 Late 2023"]
[White "Nazari, Arad"]
[Black "Grigoriants, Sergey"]
[WhiteFideId "12577324"]
[BlackFideId "4130804"]
[WhiteElo "2175"]
[BlackElo "2502"]
[Result "0-1"]
[Round "07"]
[TimeControl "180+2"]
[Date "2023.05.16"]
[WhiteClock "0:00:00"]
[BlackClock "0:00:03"]

1. e4 e5 2. f4 exf4 3. Nf3 Ne7 4. d4 d5 5. Bd3 dxe4 6. Bxe4 Ng6 7. Qe2 Be7 8. h4 h5 9. Bxg6 fxg6 10. Bxf4 O-O 11. Qc4+ Kh7 12. Qxc7 Qxc7 13. Bxc7 Nc6 14. c3 Bg4 15. Nbd2 b5 16. O-O-O Nb4 17. Ne4 Rac8 18. Bd6 Nxa2+ 19. Kb1 Bxd6 20. Nxd6 Rc6 21. Ng5+ Kg8 22. Nxb5 Bxd1 23. Rxd1 Rb8 24. d5 Rxb5 25. Kxa2 Rcc5 26. d6 Rd5 27. Re1 Rb8 28. Re6 Rd8 29. Rxg6 R8xd6 30. Rxd6 Rxd6 31. Kb3 Rd2 32. g3 Rd3 33. Ne4 Re3 34. Nd6 Rxg3 35. Nf5 Rg4 36. c4 Kf7 37. c5 Ke6 38. c6 g6 39. c7 Kd7 40. Ne7 Kxc7 0-1


[Site "https://www.chess.com"]

[Event "Titled Tuesday Blitz May 16 Late 2023"]
[White "Iliaguev, Nisim"]
[Black "Kramnik, Vladimir"]
[WhiteFideId "2817276"]
[BlackFideId "4101588"]
[WhiteElo "2241"]
[BlackElo "2703"]
[Result "0-1"]
[Round "07"]
[TimeControl "180+2"]
[Date "2023.05.16"]
[WhiteClock "0:00:17"]
[BlackClock "0:01:07"]

1. c4 c5 2. g3 g6 3. Bg2 Bg7 4. Nf3 Nc6 5. O-O e6 6. Nc3 Nge7 7. d4 Nxd4 8. Nxd4 cxd4 9. Nb5 Nf5 10. e4 dxe3 11. fxe3 a6 12. e4 axb5 13. exf5 gxf5 14. c5 O-O 15. Qb3 d5 16. Qxb5 Qa5 17. Qxa5 Rxa5 18. Bd2 Rxc5 19. Bb4 b6 20. Bxc5 bxc5 21. a4 Ba6 22. Rfd1 Bxb2 23. Rab1 Bd4+ 24. Kh1 Ra8 25. Rd2 Bc4 0-1


[Site "https://www.chess.com"]

[Event "Titled Tuesday Blitz May 16 Late 2023"]
[White "Hayrapetyan, Hovik"]
[Black "Pichot, Alan"]
[WhiteFideId "13302639"]
[BlackFideId "110973"]
[WhiteElo "2348"]
[BlackElo "2573"]
[Result "0-1"]
[Round "07"]
[TimeControl "180+2"]
[Date "2023.05.16"]
[WhiteClock "0:00:00"]
[BlackClock "0:00:08"]

1. d4 Nf6 2. c4 e6 3. Nc3 Bb4 4. Nf3 Bxc3+ 5. bxc3 d6 6. Qc2 Nc6 7. e4 e5 8. h3 h6 9. Be3 O-O 10. Nd2 Qe7 11. a3 Re8 12. Bd3 b6 13. O-O Ba6 14. f4 Na5 15. fxe5 dxe5 16. Rf5 Nd7 17. Raf1 f6 18. Qd1 Nf8 19. Qg4 Bc8 20. Bxh6 Bxf5 21. Rxf5 Rad8 22. Nf3 Nc6 23. d5 Na5 24. Nh4 Nb7 25. Rf3 Nd6 26. Rg3 Rd7 27. Be3 Qf7 28. c5 bxc5 29. Bxc5 f5 30. Nxf5 Nxf5 31. Qxf5 Qxf5 32. exf5 Rf7 33. d6 Nd7 34. Be3 Kf8 35. Bc4 Rxf5 36. dxc7 Rf6 37. Bxa7 Rc8 38. Bb8 Nxb8 39. cxb8=Q Rxb8 40. a4 Rb2 41. Bb5 Rc2 42. Kh2 e4 43. Re3 Rg6 0-1


[Site "https://www.chess.com"]

[Event "Titled Tuesday Blitz May 16 Late 2023"]
[White "Mekhitarian, Krikor Sevag"]
[Black "Mirimanian, Hayk"]
[WhiteFideId "2107660"]
[BlackFideId "4700180"]
[WhiteElo "2604"]
[BlackElo "2280"]
[Result "1-0"]
[Round "07"]
[TimeControl "180+2"]
[Date "2023.05.16"]
[WhiteClock "0:00:06"]
[BlackClock "0:00:13"]

1. Nf3 d5 2. c4 e6 3. d4 Nf6 4. cxd5 exd5 5. Nc3 c6 6. Bf4 Bd6 7. Bxd6 Qxd6 8. e3 Bf5 9. Nh4 Bg4 10. Qb3 Qe7 11. h3 Be6 12. Qc2 O-O 13. Bd3 c5 14. Nf3 Nc6 15. dxc5 Qxc5 16. Ne2 Nb4 17. Qd2 Ne4 18. Bxe4 dxe4 19. Nfd4 Nd3+ 20. Kf1 Rac8 21. Kg1 Qe5 22. Nc1 Rxc1+ 23. Rxc1 Nxc1 24. Qxc1 Rc8 25. Qd2 Bc4 26. b3 Bd3 27. f4 Qf6 28. Kh2 g5 29. Rc1 Rxc1 30. Qxc1 gxf4 31. Qc8+ Kg7 32. Qg4+ Kh8 33. Qxf4 Qxf4+ 34. exf4 Kg7 35. Kg3 Kf6 36. Kf2 h5 37. g4 hxg4 38. hxg4 Ke7 39. Ke3 Kd6 40. Nf5+ Kd5 41. Nh6 Ke6 42. g5 Bb1 43. f5+ Ke7 44. a3 a5 45. Kd4 Bc2 46. b4 axb4 47. axb4 b6 48. Ng4 Bb1 49. Nf6 e3 50. Nd5+ Kd6 51. Nxe3 Kc6 52. Ke5 Kb5 53. Nd5 Ba2 54. g6 fxg6 55. fxg6 Bb1 56. g7 Bh7 57. Kd4 Bg8 58. Nf6 Bf7 59. Kc3 Ka4 60. g8=Q Bxg8 61. Nxg8 b5 62. Ne7 Ka3 63. Nd5 Ka4 64. Nc7 Ka3 65. Nxb5+ Ka4 66. Nd4 Ka3 67. Kc4 Ka4 1-0


[Site "https://www.chess.com"]

[Event "Titled Tuesday Blitz May 16 Late 2023"]
[White "Sviridov, Valery"]
[Black "Romkachess"]
[WhiteFideId "4120680"]
[WhiteElo "2457"]
[BlackElo "2579"]
[Result "1-0"]
[Round "07"]
[TimeControl "180+2"]
[Date "2023.05.16"]
[WhiteClock "0:01:20"]
[BlackClock "0:00:00"]

1. Nf3 Nf6 2. g3 b6 3. Bg2 Bb7 4. O-O e6 5. d3 Be7 6. e4 d6 7. Nc3 O-O 8. Qe2 Nbd7 9. d4 e5 10. Rd1 exd4 11. Nxd4 Re8 12. a4 a5 13. Bf4 Bf8 14. f3 Ne5 15. Qf2 Ng6 16. Bg5 h6 17. Be3 Qc8 18. Ndb5 d5 19. exd5 Rxe3 20. Qxe3 Bc5 21. Nd4 Nxd5 22. Nxd5 Bxd5 23. c3 Qf8 24. Re1 Ne7 25. f4 Nf5 26. Qe5 Bxg2 27. Kxg2 Nd6 28. Nf5 Re8 29. Qd5 Nxf5 30. Qxf5 Rd8 31. Rad1 Bd6 32. Qe4 g6 33. Qc6 Qg7 34. Re8+ Rxe8 35. Qxe8+ Kh7 36. Qe4 Qf6 37. Re1 Kg7 38. Qd4 Qxd4 39. cxd4 Kf6 40. Kf3 h5 41. Ke4 1-0


[Site "https://www.chess.com"]